 Dungeon Crawl Stone Soup version 0.28.0 (webtiles) character file.

Game seed: 6782986023215922542

2792 cbfl8 the Basher (level 9, -5/77 (78) HPs)
             Began as a Minotaur Delver on Feb 9, 2022.
             Was a Believer of the Shining One.
             Slain by a wight (10 damage)
             ... on level 7 of the Dungeon.
             The game lasted 00:14:57 (8637 turns).

cbfl8 the Basher (Minotaur Delver)                  Turns: 8637, Time: 00:15:00

HP:   -5/77 (78)    AC: 24    Str: 22    XL:     9   Next: 43%
MP:   8/8           EV: 11    Int: 13    God:    the Shining One [**....]
Gold: 298           SH:  0    Dex: 11    Spells: 8/8 levels left

rFire   . . .      SeeInvis .   l - +2 flail (protect)
rCold   . . .      Faith    .   (no shield)
rNeg    + . .      Spirit   .   o - +0 scale mail
rPois   .          Reflect  .   (helmet restricted)
rElec   .          Harm     .   h - +0 cloak
rCorr   .          Rampage  .   k - +0 pair of gloves
Will    .....                   e - +0 pair of boots
Stlth   +.........              F - amulet of regeneration
HPRegen 1.82/turn               v - +6 ring of intelligence
MPRegen 0.11/turn               y - +4 ring of protection

@: under a protective aura, glowing, lightly drained
A: horns 2, retaliatory headbutt, claws 1, iridescent scales 1, regeneration 1
a: Renounce Religion, Divine Shield


You were on level 7 of the Dungeon.
You worshipped the Shining One.
The Shining One was pleased with you.
You visited 2 branches of the dungeon, and saw 8 of its levels.
You also visited: Sewer.

You collected 298 gold pieces.

Inventory:

Hand Weapons
 a - a +0 hand axe
 l - a +2 flail of protection (weapon)
 J - a +3 vorpal spear
Missiles
 t - 2 throwing nets (quivered)
Armour
 b - a +0 leather armour
 e - a +0 pair of boots (worn)
 h - a +0 cloak (worn)
 k - a +0 pair of gloves (worn)
 o - a +0 scale mail (worn)
Magical Staves
 s - a staff of cold
Jewellery
 v - a +6 ring of intelligence (left hand)
 y - a +4 ring of protection (right hand)
 B - a ring of wizardry
 F - an amulet of regeneration (around neck)
 G - a ring of willpower
Wands
 g - a wand of digging (3)
 m - a wand of iceblast (11)
 n - a wand of flame (33)
 E - a wand of paralysis (12)
Scrolls
 c - a scroll of fog
 f - 2 scrolls of enchant weapon {unknown}
 i - 6 scrolls of identify {unknown}
 j - a scroll of acquirement {unknown}
 C - a scroll of teleportation {unknown}
 D - a scroll of torment {unknown}
 H - a scroll of enchant armour {unknown}
 I - a scroll of immolation {unknown}
Potions
 d - a potion of resistance {unknown}
 p - a potion of magic {unknown}
 q - a potion of attraction {unknown}
 r - a potion of flight {unknown}
 u - a potion of invisibility {unknown}
 w - a potion of mutation
 x - a potion of heal wounds {unknown}
 z - a potion of might {unknown}
 A - a potion of lignification {unknown}


   Skills:
 + Level 6.9 Fighting
 + Level 4.6(7.4) Axes
 + Level 9.1(9.6) Maces & Flails
 + Level 6.3 Armour
 + Level 5.1 Dodging
 + Level 6.2 Stealth
 + Level 0.6 Shields
 + Level 0.2 Invocations


You had 8 spell levels left.
You didn't know any spells.
Your spell library contained the following spells:

 Spells                   Type           Power      Damage    Failure   Level
 Frozen Ramparts          Ice            0%         1d2       92%         3
 Tukima's Dance           Hex            0%         N/A       92%         3
 Anguish                  Hex/Necr       0%         N/A       100%        4
 Ice Form                 Ice/Tmut       0%         N/A       100%        4
 Passage of Golubria      Tloc           0%         N/A       100%        4
 Summon Ice Beast         Ice/Summ       0%         N/A       100%        4
 Silence                  Hex/Air        0%         N/A       100%        5
 Enfeeble                 Hex            0%         N/A       100%        7
 Lehudib's Crystal Spear  Conj/Erth      0%         10d2      100%        8


Dungeon Overview and Level Annotations

Branches:
Dungeon (7/15)             Temple (1/1) D:5           Sewer (visited)

Altars:
Ashenzari
Cheibriados
Dithmenos
Elyvilon
Fedhas
Gozag
Hepliaklqana
Makhleb
Nemelex Xobeh
Okawaru
Qazlal
Ru
Sif Muna
Uskayaw
Vehumet
Wu Jian
Xom
Yredelemnul
Zin
The Shining One


Innate Abilities, Weirdness & Mutations

You have a pair of horns on your head.
You reflexively headbutt those who attack you in melee.
You have sharp fingernails.
You are partially covered in iridescent scales. (AC +2)
Your natural rate of healing is unusually fast.


Message History

The orc priest hits you but does no damage.
The gnoll closely misses you. The gnoll hits you but does no damage.
Unknown command.
You hit the gnoll.
The gnoll is almost dead.
The orc priest hits you with a +0 mace.
* * * LOW HITPOINT WARNING * * *
The gnoll hits you but does no damage. The wight hits you but does no damage.
The gnoll hits you but does no damage.
You sock the gnoll!
You kill the gnoll!
The gnoll hits you but does no damage.
The orc priest mumbles some strange prayers to Beogh against you.
You struggle to resist.
The wight hits you with a +5 hand axe!
* * * LOW HITPOINT WARNING * * *
You partially resist.
You feel drained.
As you read the scroll of fog, it crumbles to dust.
The scroll dissolves into smoke.
The gnoll hits you but does no damage. The orc priest closely misses you.
The wight hits you with a +5 hand axe.
* * * LOW HITPOINT WARNING * * *
It was a potion of mutation.
You feel extremely strange.
You begin to heal more quickly.
Your fingernails lengthen.
Iridescent scales grow over part of your body.
The wight hits you with a +0 falchion!
* * * LOW HITPOINT WARNING * * *
The orc priest hits you but does no damage.
The gnoll hits you but does no damage. The wight closely misses you.
You sock the wight!
The wight is moderately damaged.
The wight hits you but does no damage. The orc priest barely misses you.
The gnoll hits you but does no damage. The wight hits you with a +5 hand axe.
* * * LOW HITPOINT WARNING * * *
You sock the wight!
The wight is almost destroyed.
The wight barely misses you. You furiously retaliate!
You headbutt the wight, but do no damage.
The gnoll barely misses you.
The orc priest hits you but does no damage.
The wight hits you with a +5 hand axe!
You die...

.#. ..###....≈#
.... ######...##
.#...#.##.##...#
<.........#...##
.#.....####...##
.
...#..#...#..##
.) #.. #§#§#.###
... #.###§§§##
.... #..##z@###
..)..#...§oz§§#
.........g§####
...........#
...........#
...........#
...........#
.............
g..$..........


You could see 2 wights, an orc priest and a gnoll.

Vanquished Creatures
  Eustachio (D:5)
  Duvessa (D:4)
  2 sky beasts
  4 ogres
  4 kobold brigands (Sewer)
  2 bullfrogs
  A gnoll sergeant (D:6)
  2 scorpions
  A water moccasin zombie (D:6)
  A wyvern skeleton (D:6)
  Dowan (D:4)
  A water moccasin skeleton (D:6)
  2 wights (D:7)
  A howler monkey (D:6)
  3 bullfrog zombies
  A centaur zombie (D:5)
  3 hounds
  4 orc priests
  4 centaur skeletons
  2 gnoll shamans
  A jelly (D:5)
  3 iguanas
  4 orc wizards
  2 hound zombies (D:5)
  A hound skeleton (D:4)
  11 gnolls
  8 adders
  A river rat (Sewer)
  A shadow imp (D:6)
  A white imp (D:6)
  2 ufetubi (D:5)
  An adder skeleton (D:4)
  6 worms
  19 orcs
  11 endoplasms
  8 giant cockroaches
  10 goblins
  8 hobgoblins
  6 jackals
  8 quokkas
  5 ball pythons
  6 bats
  4 frilled lizards
  12 kobolds
  A quokka skeleton (D:4)
  10 rats
191 creatures vanquished.

Notes
Turn   | Place    | Note
-------+----------+-------------------------------------------
     0 | D:5      | cbfl8 the Minotaur Delver began the quest for the Orb.
     0 | D:5      | Reached XP level 1. HP: 19/19 MP: 0/0
    14 | D:5      | Noticed an iguana
    40 | D:6      | Reached XP level 2. HP: 10/27 MP: 1/1
    43 | D:6      | Reached XP level 3. HP: 13/33 MP: 2/2
   299 | D:6      | Found a sparkling altar of Nemelex Xobeh.
   327 | D:6      | Reached XP level 4. HP: 37/40 MP: 3/3
   343 | D:6      | Reached skill level 1 in Armour
   343 | D:6      | Reached skill level 5 in Stealth
   393 | D:6      | Noticed a bullfrog
   396 | D:6      | Killed a bullfrog
   397 | D:6      | Reached XP level 5. HP: 47/47 MP: 4/4
   399 | D:6      | Noticed an ogre
   407 | D:6      | Killed an ogre
   603 | D:6      | Reached XP level 6. HP: 51/53 MP: 5/5
   956 | D:6      | Reached skill level 1 in Maces & Flails
   982 | D:5      | Found a staircase to the Ecumenical Temple.
   992 | Temple   | Entered the Ecumenical Temple
  1394 | Temple   | Became a worshipper of the Shining One
  1612 | D:5      | Reached XP level 7. HP: 57/60 MP: 6/6
  1724 | D:5      | Noticed Eustachio
  1741 | D:5      | Killed Eustachio
  1742 | D:5      | Reached skill level 5 in Fighting
  1742 | D:5      | Reached skill level 2 in Maces & Flails
  2063 | D:5      | Reached skill level 3 in Maces & Flails
  2090 | D:5      | Reached * piety under the Shining One
  2104 | D:5      | Reached skill level 4 in Maces & Flails
  2529 | D:4      | Reached XP level 8. HP: 43/68 MP: 7/7
  2559 | D:4      | Reached skill level 5 in Maces & Flails
  2827 | D:4      | Noticed Duvessa
  2829 | D:4      | Noticed Dowan
  2840 | D:4      | Killed Duvessa
  2841 | D:4      | Reached skill level 6 in Maces & Flails
  2853 | D:4      | Killed Dowan
  2857 | D:4      | HP: 3/70 [poisoned by Dowan]
  3258 | D:4      | Found a shadowy altar of Dithmenos.
  3322 | D:4      | Reached skill level 7 in Maces & Flails
  3322 | D:4      | Reached skill level 5 in Armour
  4128 | D:3      | Found a glowing drain.
  4140 | Sewer    | Entered a sewer
  4862 | Sewer    | Reached XP level 9. HP: 64/78 MP: 8/8
  5319 | D:3      | Found a broken altar of Ashenzari.
  5324 | D:3      | Saw a vision of the Shoals and the Snake Pit.
  5324 | D:3      | Noticed a naga sharpshooter
  5324 | D:3      | Noticed a salamander
  5324 | D:3      | Noticed a naga mage
  5324 | D:3      | Noticed a shock serpent
  5324 | D:3      | Noticed a merfolk
  5324 | D:3      | Noticed a merfolk siren
  5324 | D:3      | Noticed a merfolk
  5324 | D:3      | Noticed a merfolk
  5327 | D:3      | Noticed a wind drake
  5409 | D:3      | Found a snail-covered altar of Cheibriados.
  5486 | D:3      | Reached skill level 8 in Maces & Flails
  5588 | D:3      | Found a glowing silver altar of Zin.
  5710 | D:3      | Found a faded altar of an unknown god.
  6589 | D:2      | Found a basalt altar of Yredelemnul.
  8259 | D:6      | Found a white marble altar of Elyvilon.
  8268 | D:6      | Reached skill level 5 in Dodging
  8606 | D:7      | Reached ** piety under the Shining One
  8625 | D:7      | Reached skill level 9 in Maces & Flails
  8635 | D:7      | Gained mutation: Your natural rate of healing is unusually
                  | fast. [potion of mutation]
  8635 | D:7      | Gained mutation: You have sharp fingernails. [potion of
                  | mutation]
  8635 | D:7      | Gained mutation: You are partially covered in iridescent
                  | scales. (AC +2) [potion of mutation]
  8636 | D:7      | HP: 3/77 [wight (3)]
  8637 | D:7      | Slain by a wight

Illustrated notes

Levels and vault maps discovered:
D:1:      psy_arrival_statuary, layout_basic, serial_corexii_hall,
          chequers_hall_statues_y, corexii_hall_statues_deadend,
          amcnicky_mini_rare_corridor_liquid
D:2:      layout_basic, basic_altar
D:3:      layout_rooms, mainiacjoe_overflow_paths,
          mainiacjoe_overflow_small_starburst, grunt_ashenzari_visionary
          [grunt_ashenzari_visionary_shoals, grunt_ashenzari_visionary_snake],
          nicolae_ecumenical_oubliette, gup_sewer_entry_pipe,
          nicolae_figureground_pulse
D:4:      layout_basic, mainiacjoe_overflow_catwalk,
          amcnicky_mini_corridor_feature, uniq_duvessa
D:5:      minmay_chambers_of_threes, layout_basic,
          minmay_temple_entry_proselytizer, uniq_eustachio
D:6:      layout_loops_corners, nemelex_spade_bored_becter, elyvilon_altar_5,
          minmay_between
D:7:      layout_layer_cave, trog_hazing_becter, kiku_gazebo_pond_becter,
          chequers_serial_rivers_micro_e
Temple:   nicolae_temple_figure_eight

Skill      XL: |  1  2  3  4  5  6  7  8  9 |
---------------+----------------------------+-----
Fighting       | 4 5 6 |  6.9
Axes           | 3 4 |  4.6
Armour         | 1 2 3 5 6 |  6.3
Stealth        | 5 6 |  6.2
Dodging        | 3 4 5 |  5.1
Maces & Flails | 1 4 7 9 |  9.1
Shields        | |  0.6
Invocations    | |  0.2

Action                   |  1- 3 |  4- 6 |  7- 9 || total
-------------------------+-------+-------+-------++-------
Melee: Hand axe          |    16 |    14 |       ||    30
       Headbutt          |     1 |    10 |    80 ||    91
       Flail             |       |    27 |   378 ||   405
       Punch             |       |       |     4 ||     4
Invok: Divine Shield     |       |       |     1 ||     1
  Use: Potion            |       |     1 |     4 ||     5
       Scroll            |       |     1 |     2 ||     3
 Stab: Sleeping          |       |     1 |       ||     1
Armor: Leather armour    |    16 |    18 |       ||    34
       Scale mail        |       |     4 |   306 ||   310
Dodge: Dodged            |    28 |    35 |   295 ||   358
Block: Other             |       |       |     8 ||     8
